 Dungeon Crawl Stone Soup version 0.20.0-15-g7f486f2 (webtiles) character file.

2892 renl the Cleaver (level 9, 0/79 HPs)
             Began as a Hill Orc Berserker on June 22, 2017.
             Was a Priest of Trog.
             Slain by azarias's ghost (4 damage)
             ... on level 8 of the Dungeon.
             The game lasted 00:25:32 (3057 turns).

renl the Cleaver (Hill Orc Berserker)               Turns: 3057, Time: 00:25:33

Health: 0/79       AC: 16    Str: 25    XL:     9   Next: 77%
Magic:  8/9        EV:  2    Int:  7    God:    Trog [***...]
Gold:   188        SH:  0    Dex: 11    Spells: 8/8 levels left

rFire    . . .     SeeInvis .   s - +0 war axe
rCold    . . .     Gourm    .   r - +0 buckler
rNeg     + + +     Faith    .   q - +0 chain mail
rPois    ∞         Spirit   .   t - +2 hat
rElec    .         Reflect  .   A - +2 cloak
rCorr    .         Harm     .   e - +0 pair of gloves
MR       ++...                  (no boots)
Stlth    ..........             (no amulet)
Regen    1.3/turn               v - +3 ring of strength
MPRegen  0.2/turn               (no ring)

@: lethally poisoned (0 -> 0), petrified, berserk cooldown, very slightly
contaminated, regenerating, slowed, drained
A: no striking features
a: Berserk, Trog's Hand, Burn Spellbooks, Renounce Religion


You were on level 8 of the Dungeon.
You worshipped Trog.
Trog was most pleased with you.
You were hungry.

You visited 1 branch of the dungeon, and saw 6 of its levels.

You collected 188 gold pieces.

Inventory:

Hand Weapons
 n - a +4 quarterstaff of chaos
 s - a +0 war axe (weapon)
Missiles
 o - a throwing net (quivered)
 C - 5 tomahawks
Armour
 e - a +0 pair of gloves (worn)
 q - a +0 chain mail (worn)
 r - a +0 buckler (worn)
 t - a +2 hat (worn)
 A - a +2 cloak (worn)
Jewellery
 v - a +3 ring of strength (left hand)
Wands
 x - a wand of polymorph (7/24)
Scrolls
 b - a scroll of noise {unknown}
 d - 3 scrolls of remove curse {unknown}
 f - 3 scrolls of teleportation {unknown}
 g - 2 scrolls of fog {unknown}
 i - 5 scrolls of identify {unknown}
 m - a scroll of magic mapping {unknown}
 y - a scroll of recharging {unknown}
 z - a scroll of enchant armour {unknown}
Potions
 h - 3 potions of curing
 j - a potion of agility {unknown}
 l - a potion of heal wounds {unknown}
 w - a potion of brilliance {unknown}
 B - a potion of haste {unknown}
Books
 a - a book of Debilitation

   Spells                             Type                      Level
   a - Corona                         Hexes                        1
   b - Slow                           Hexes                        2
   c - Inner Flame                    Hexes/Fire                   3
   d - Portal Projectile              Hexes/Translocation          3
   e - Cause Fear                     Hexes                        4
   f - Leda's Liquefaction            Hexes/Earth                  4
   Trog disapproves of the use of such an item.
Comestibles
 c - 4 bread rations
 k - 10 chunks of flesh
 p - 6 meat rations
 u - a royal jelly


   Skills:
 + Level 7.1(6.8) Fighting
 * Level 14.0(13.5) Axes
 + Level 5.0(4.7) Armour
 + Level 3.1(2.8) Dodging


You had 8 spell levels left.
You didn't know any spells.

Dungeon Overview and Level Annotations

Branches:
Dungeon (8/15)
 Temple: D:4-7         Lair: D:8-11

Altars:

Annotations:
D:8 Psyche; azarias's ghost, novice HOMo


Message History

* * * LOW HITPOINT WARNING * * *
Your limbs are stiffening.
Your skin crawls.
You feel resistant to hostile enchantments.
You are feeling hungry.
You hear some strange, mumbled words.
A puff of frost appears from out of thin air!
The puff of frost hits you!
* * * LOW HITPOINT WARNING * * *
Azarias's ghost hits you but does no damage.
You are more poisoned.
Something hits you but does no damage.
You have turned to stone.
Something hits you.
* * * LOW HITPOINT WARNING * * *
You feel your power leaking away. Azarias's ghost hits you.
* * * LOW HITPOINT WARNING * * *
Something hits you but does no damage.
You feel yourself slow down. Azarias's ghost hits you!
You die...

#.....#.#.##.###.##
#.......#.#....#.#
#...#.###.####.#.#
#. #.# #....#.#.#
#.# ####..<#.#
#.######...#.#
#.....##...#.#
#...W.##...#.#
#...{@.....#.#
#.)...######)#
#[#.....)))).#
#.############ #.#
#.# #.# #.# #.#


You could see azarias's ghost.

Vanquished Creatures
  2 two-headed ogres
  A shadow (D:6)
  Duvessa (D:7)
  2 sky beasts
  3 ogres
  A bullfrog (D:6)
  2 scorpions (D:6)
  Dowan (D:7)
  A howler monkey (D:7)
  A crimson imp (D:7)
  2 hounds
  2 centaur skeletons
  4 orc priests
  Crazy Yiuf (D:2)
  A jelly (D:7)
  3 orc wizards
  Jessica (D:2)
  5 worker ants
  Terence (D:2)
  4 adders
  3 worms
  2 dart slugs (D:1)
  A leopard gecko (D:2)
  16 orcs
  2 ball pythons
  3 giant cockroaches (D:2)
  4 goblins
  4 hobgoblins
  7 jackals (D:2)
  6 kobolds
  5 quokkas
  9 bats
  3 frilled lizards
  4 rats
108 creatures vanquished.

Notes
Turn   | Place    | Note
-------+----------+-------------------------------------------
     0 | D:1      | renl the Hill Orc Berserker began the quest for the Orb.
     0 | D:1      | Reached XP level 1. HP: 19/19 MP: 1/1
   149 | D:1      | Reached XP level 2. HP: 21/27 MP: 2/2
   640 | D:1      | Reached XP level 3. HP: 33/33 MP: 3/3
   728 | D:2      | Reached skill level 5 in Axes
   772 | D:2      | Reached ** piety under Trog
   847 | D:2      | Found a runed door.
   852 | D:2      | Noticed Crazy Yiuf
   859 | D:2      | Killed Crazy Yiuf
   859 | D:2      | Reached XP level 4. HP: 38/41 MP: 4/4
   991 | D:2      | Noticed Terence
  1004 | D:2      | Killed Terence
  1004 | D:2      | Reached skill level 6 in Axes
  1059 | D:2      | Reached XP level 5. HP: 37/47 MP: 5/5
  1188 | D:2      | Noticed Jessica
  1202 | D:2      | Killed Jessica
  1457 | D:3      | You fall through a shaft for 3 floors!
  1481 | D:6      | Reached skill level 7 in Axes
  1481 | D:6      | Reached XP level 6. HP: 55/55 MP: 6/6
  1523 | D:6      | Noticed a two-headed ogre
  1532 | D:6      | Killed a two-headed ogre
  1532 | D:6      | Reached skill level 5 in Fighting
  1532 | D:6      | Reached skill level 10 in Axes
  1532 | D:6      | Reached XP level 7. HP: 43/61 MP: 7/7
  1532 | D:6      | Reached XP level 8. HP: 49/69 MP: 8/8
  1898 | D:6      | Reached skill level 11 in Axes
  1931 | D:6      | Noticed a shadow
  1940 | D:6      | Killed a shadow
  1940 | D:6      | Reached *** piety under Trog
  1954 | D:6      | Noticed Duvessa
  1954 | D:6      | Noticed Dowan
  1979 | D:7      | Killed Dowan
  1981 | D:7      | Killed Duvessa
  2305 | D:7      | Reached skill level 12 in Axes
  2305 | D:7      | Reached XP level 9. HP: 78/78 MP: 9/9
  2925 | D:8      | Noticed a two-headed ogre
  2945 | D:8      | Killed a two-headed ogre
  2945 | D:8      | Reached skill level 13 in Axes
  2994 | D:8      | Noticed azarias's ghost (novice HOMo)
  2995 | D:8      | Noticed Psyche
  3031 | D:8      | Reached skill level 5 in Armour
  3050 | D:8      | Reached skill level 14 in Axes
  3056 | D:8      | HP: 3/79 [azarias's ghost (2)]
  3057 | D:8      | Slain by azarias's ghost

Skill      XL: |  1  2  3  4  5  6  7  8  9 |
---------------+----------------------------+-----
Fighting       | 4 5 6 7 |  7.1
Axes           | 5 6 7 10 12 14 | 14.0
Dodging        | 2 3 |  3.1
Armour         | 3 4 5 |  5.0

Action                   |  1- 3 |  4- 6 |  7- 9 || total
-------------------------+-------+-------+-------++-------
Melee: Hand axe          |    94 |   103 |       ||   197
       War axe           |       |     5 |   156 ||   161
Invok: Berserk           |     2 |     3 |     7 ||    12
       Trog's Hand       |     1 |     1 |     4 ||     6
  Eat: Chunk             |     1 |     6 |    13 ||    20
Armor: Animal skin       |    31 |     1 |       ||    32
       Chain mail        |       |    53 |    98 ||   151
Dodge: Dodged            |    90 |    38 |    55 ||   183
Block: Buckler           |       |     2 |    16 ||    18
